 Dungeon Crawl Stone Soup version 0.29.1-15-g9cfb28693d (webtiles) character file.

Game seed: 6465398565816694195

3259 croobank the Grappler (level 9, -3/89 HPs)
             Began as a Troll Fighter on Apr 22, 2023.
             Was an Elder of Wu Jian.
             Slain by a hog (11 damage)
             ... on level 7 of the Dungeon.
             The game lasted 00:17:40 (6797 turns).

croobank the Grappler (Troll Fighter)               Turns: 6797, Time: 00:17:40

Health: -3/89      AC:  4    Str: 26    XL:     9   Next: 68%
Magic:  12/12      EV:  9    Int:  8    God:    Wu Jian [****..]
Gold:   551        SH:  8    Dex:  9    Spells: 14/14 levels left

rFire   . . .      SeeInvis .     - Unarmed
rCold   + + +      Faith    .   b - +0 kite shield
rNeg    . . .      Spirit   .   a - +0 robe
rPois   .          Reflect  .   C - +0 hat "Paqud" {Fly rC+++}
rElec   +          Harm     .   (no cloak)
rCorr   .          Rampage  .   (gloves unavailable)
Will    .....      Clarity  +   (boots unavailable)
Stlth   +.........              p - amulet of magic regeneration
HPRegen 1.04/turn               (no ring)
MPRegen 0.53/turn               (no ring)

@: flying, studying 2 skills
A: large, unfitting armour, claws 3, regeneration 1, shaggy fur 1, tough skin 1,
clarity, cold resistance 1, electricity resistance, wild magic 1
a: Renounce Religion, Wall Jump, Serpent's Lash


You were on level 7 of the Dungeon.
You worshipped Wu Jian.
Wu Jian was greatly pleased with you.
You visited 1 branch of the dungeon, and saw 7 of its levels.
You also visited: Sewer.

You collected 551 gold pieces.

Inventory:

Hand Weapons
 f - a +2 flail of draining
 l - a +2 long sword
 z - a +3 vorpal spear
 E - a +0 antimagic dagger
 F - a +5 dagger
Missiles
 e - a throwing net
 m - 16 poisoned darts
 v - 4 javelins (quivered)
 H - a curare-tipped dart
Armour
 a - a +0 robe (worn)
 b - a +0 kite shield (worn)
 C - the +0 hat "Paqud" (worn) {Fly rC+++}
   (You acquired it on level 5 of the Dungeon)

   rC:        It renders you almost immune to cold.
   Fly:       It grants you flight.
 G - an orb of light
Jewellery
 p - an amulet of magic regeneration (around neck)
 w - a ring of flight
Wands
 c - a wand of flame (16)
 A - a wand of charming (10)
Scrolls
 k - a scroll of poison
 n - a scroll of vulnerability
 s - 3 scrolls of blinking
 u - a scroll of magic mapping
 x - a scroll of summoning {unknown}
 y - 4 scrolls of butterflies {unknown}
 B - a scroll of fear {unknown}
 D - 2 scrolls of identify
Potions
 d - a potion of haste
 g - 3 potions of attraction
 h - 2 potions of mutation
 i - 2 potions of flight
 j - 2 potions of magic
 o - a potion of resistance
 q - 2 potions of berserk rage
 r - 3 potions of curing
 t - 3 potions of degeneration


   Skills:
 + Level 5.9 Fighting
 + Level 3.4 Dodging
 + Level 6.5 Shields
 * Level 9.4 Unarmed Combat
 - Level 3.0 Spellcasting


You had 14 spell levels left.
You didn't know any spells.
Your spell library contained the following spells:

 Spells                   Type           Power      Damage    Failure   Level
 Necrotise                Necr           4%         1d4       65%         1
 Slow                     Hex            4%         N/A       65%         1
 Confusing Touch          Hex            1%         N/A       94%         3
 Ozocubu's Armour         Ice            1%         N/A       94%         3
 Tukima's Dance           Hex            1%         N/A       94%         3
 Vampiric Draining        Necr           1%         2d6       94%         3
 Passage of Golubria      Tloc           1%         N/A       100%        4
 Agony                    Necr           1%         N/A       100%        5
 Metabolic Englaciation   Hex/Ice        0%         N/A       100%        5
 Yara's Violent Unravell  Hex/Tmut       0%         3d3       100%        5
 Simulacrum               Ice/Necr       0%         N/A       100%        6


Dungeon Overview and Level Annotations

Branches:
Dungeon (7/15)             Temple (0/1) D:7           Sewer (visited)

Altars:
Fedhas
Sif Muna
Wu Jian

Shops:
D:7 (=

Annotations:
D:2 1 runed translucent door, Crazy Yiuf
D:7 2 runed translucent doors


Innate Abilities, Weirdness & Mutations

You are too large for most types of armour.
You have claws for hands.
Your natural rate of healing is unusually fast.
You are covered in fur. (AC +1)
You have tough skin. (AC +1)
You possess an exceptional clarity of mind.
Your flesh is cold resistant. (rC+)
You are resistant to electric shocks. (rElec)
Your spells are a little harder to cast, but a little more powerful.


Message History

You mangle the hog!!
You kill the hog!
The Council accepts your kill. The hog bites you! You block the hog's attack.
The hog closely misses you. You block the hog's attack.
Training target 3.0 for Spellcasting reached!
Your Spellcasting skill increases to level 3!
You spin and attack the hog.
You claw the hog!
The hog is heavily wounded.
You spin and attack the hog.
You barely miss the hog. You block the hog's attack. x2
You see here a hog corpse.
You closely miss the hog.
The hog is heavily wounded.
The hog bites you!
* * * LOW HITPOINT WARNING * * *
The hog bites you!
* * * LOW HITPOINT WARNING * * *
You block the hog's attack.
You spin and attack the hog.
You claw the hog!
The hog is almost dead.
You spin and attack the hog.
You scratch the hog.
The hog is lightly wounded.
The hog bites you.
* * * LOW HITPOINT WARNING * * *
You block the hog's attack. The hog bites you but does no damage.
You closely miss the hog.
The hog is almost dead.
The hog bites you.
* * * LOW HITPOINT WARNING * * *
You block the hog's attack.
You feel better. The hog barely misses you. The hog misses you.
You scratch the hog.
The hog is lightly wounded.
The hog bites you.
* * * LOW HITPOINT WARNING * * *
The hog bites you but does no damage. The hog bites you!
* * * LOW HITPOINT WARNING * * *
The hog bites you!
You die...

#.# #.##. #.# #.##. #.#
#.##. #.# ####### #.##.
#.# #..#..# ########....
#.###).#..#####..)))...###
#...#..'..#.....########
#####..#hh##.####
#..#†@##.# #####'##.#
#...#)# ##....# ######


You could see 2 hogs.

Vanquished Creatures
  Sigmund (D:4)
  2 hogs (D:7)
  A human (D:7)
  Duvessa (D:4)
  A water moccasin (D:7)
  An orc warrior (D:7)
  An ice beast (D:7)
  A black bear (D:6)
  A phantom (D:6)
  Blork the orc (D:6)
  2 necrophages (D:5)
  2 kobold brigands (D:7)
  3 bullfrogs
  2 gnoll sergeants
  3 scorpions
  3 wights (D:7)
  Dowan (D:4)
  3 howler monkeys
  4 orc priests
  A hound (D:5)
  3 jellies (D:4)
  A gnoll bouda (D:6)
  3 iguanas
  4 orc wizards
  20 gnolls
  17 adders
  6 river rats
  An ufetubus (D:5)
  4 worms
  5 dart slugs
  23 orcs
  10 endoplasms
  6 giant cockroaches
  7 goblins
  6 hobgoblins
  2 jackals (D:5)
  21 kobolds
  4 quokkas
  18 ball pythons
  4 bats
  5 frilled lizards
  31 rats
236 creatures vanquished.

Vanquished Creatures (others)
  2 fungi
  6 plants (D:7)
  14 toadstools
22 creatures vanquished.

Grand Total: 258 creatures vanquished

Notes
Turn   | Place    | Note
-------+----------+-------------------------------------------
     0 | D:1      | croobank the Troll Fighter began the quest for the Orb.
     0 | D:1      | Reached XP level 1. HP: 22/22 MP: 0/0
   248 | D:1      | Reached XP level 2. HP: 29/29 MP: 1/1
   844 | D:2      | Reached XP level 3. HP: 36/36 MP: 2/2
   975 | D:2      | Reached skill level 3 in Unarmed Combat
  1221 | D:2      | Reached XP level 4. HP: 30/44 MP: 3/3
  1297 | D:2      | Found a faded altar of an unknown god.
  1320 | D:2      | Found a runed translucent door.
  1321 | D:2      | Noticed Crazy Yiuf
  1485 | D:3      | Found an ornate altar of the Wu Jian Council.
  1488 | D:3      | Became a worshipper of the Wu Jian Council
  2268 | D:3      | Reached skill level 4 in Unarmed Combat
  2268 | D:3      | Reached XP level 5. HP: 49/53 MP: 4/4
  2295 | D:4      | Reached * piety under Wu Jian
  2578 | D:4      | Gained mutation: Your spells are a little harder to cast,
                  | but a little more powerful. [potion of mutation]
  2578 | D:4      | Gained mutation: You are resistant to electric shocks.
                  | (rElec) [potion of mutation]
  2578 | D:4      | Gained mutation: Your flesh is cold resistant. (rC+)
                  | [potion of mutation]
  2578 | D:4      | Gained mutation: You possess an exceptional clarity of
                  | mind. [potion of mutation]
  2637 | D:4      | Reached XP level 6. HP: 57/61 MP: 5/5
  3105 | D:4      | Noticed Sigmund
  3112 | D:4      | Killed Sigmund
  3113 | D:4      | Reached skill level 5 in Unarmed Combat
  3172 | D:4      | Reached XP level 7. HP: 66/68 MP: 6/6
  3186 | D:4      | Reached ** piety under Wu Jian
  3298 | D:4      | Noticed Dowan
  3304 | D:4      | Noticed Duvessa
  3318 | D:4      | Killed Duvessa
  3319 | D:4      | Reached skill level 6 in Unarmed Combat
  3321 | D:4      | Killed Dowan
  3695 | D:5      | Entered Level 5 of the Dungeon
  3855 | D:5      | Reached skill level 5 in Shields
  3855 | D:5      | Reached XP level 8. HP: 47/79 MP: 7/7
  3964 | D:5      | Reached skill level 7 in Unarmed Combat
  3974 | D:5      | Found a glowing drain.
  3984 | Sewer    | Entered a sewer
  4026 | Sewer    | Reached *** piety under Wu Jian
  4362 | D:5      | Identified 3 scrolls of acquirement
  4362 | D:5      | Acquired the +0 hat "Paqud" {Fly rC+++}
  4369 | D:5      | Acquired a manual of Spellcasting
  4371 | D:5      | Acquired a manual of Long Blades
  4410 | D:5      | Reached **** piety under Wu Jian
  4457 | D:5      | Reached skill level 5 in Fighting
  4494 | D:5      | Found a shimmering blue altar of Sif Muna.
  4496 | D:5      | Found a blossoming altar of Fedhas.
  5078 | D:6      | Reached skill level 8 in Unarmed Combat
  5211 | D:6      | Reached skill level 1 in Spellcasting
  5333 | D:6      | HP: 4/80 [gnoll/+0 spear[a gnoll sergeant] (3)]
  5512 | D:6      | Noticed Blork the orc
  5518 | D:6      | Killed Blork the orc
  5519 | D:6      | Reached XP level 9. HP: 82/88 MP: 10/10
  5918 | D:7      | Found a large runed translucent door.
  5918 | D:7      | Found a large runed translucent door.
  5999 | D:7      | Found Iceturul's Weapon Shoppe.
  6039 | D:7      | Found Nom Utu's Jewellery Shop.
  6173 | D:7      | Reached skill level 9 in Unarmed Combat
  6429 | D:7      | Found a staircase to the Ecumenical Temple.
  6797 | D:7      | Slain by a hog

Illustrated notes

Levels and vault maps discovered:
D:1:      dpeg_arrival_three_bigger_balls, layout_basic
D:2:      layout_loops_cross, ebering_ecumenical_altar_rust, item_on_display_a,
          uniq_crazy_yiuf_cottage
D:3:      layout_basic, mainiacjoe_overflow_boulevard, kennysheep_orc_chapel
D:4:      cheibrodos_fertilizer, layout_layer_cave, kennysheep_generic_room_13,
          uniq_sigmund, uniq_duvessa
D:5:      layout_cave_pods, chequers_temple_overflow_statue_of_worship,
          gup_sewer_entry_bubbles, minmay_gold_behind_fungi, serial_park_tiny_2,
          minmay_misc_feat_rows, kennysheep_generic_room_16
D:6:      layout_loops_corners, uniq_blork_the_orc
D:7:      layout_loops_ring, jmf_multi_god_temple2,
          minmay_temple_entry_gardened_gates, serial_shops, shop_statue,
          nicolae_diamond_shop, grunt_livestock

Skill      XL: |  1  2  3  4  5  6  7  8  9 |
---------------+----------------------------+-----
Shields        | 3 4 5 6 |  6.5
Unarmed Combat | 3 4 5 6 8 9 |  9.4
Fighting       | 3 4 5 |  5.9
Spellcasting   | 1 3 |  3.0
Dodging        | 3 |  3.4

Action                   |  1- 3 |  4- 6 |  7- 9 || total
-------------------------+-------+-------+-------++-------
Melee: Unarmed           |   120 |   127 |   400 ||   647
Throw: Throwing net      |       |       |     1 ||     1
Invok: Lunge             |       |     8 |    34 ||    42
       Whirlwind         |       |       |    14 ||    14
       Serpent's Lash    |       |       |     1 ||     1
  Use: Scroll            |       |     4 |    14 ||    18
       Potion            |       |     3 |     7 ||    10
 Stab: Sleeping          |     1 |       |       ||     1
Armor: Robe              |    31 |    29 |    82 ||   142
Dodge: Dodged            |    32 |    36 |   154 ||   222
Block: Kite shield       |    25 |    44 |   193 ||   262
